 Dungeon Crawl Stone Soup version 0.23.2-1-ga50397a (webtiles) character file.

Game seed: 501517068703605321

625 xerla the Chopper (level 7, -1/60 HPs)
             Began as a Minotaur Fighter on May 16, 2019.
             Was an Initiate of Trog.
             Shot with an arrow by a centaur (9 damage)
             ... on level 5 of the Dungeon.
             The game lasted 00:35:00 (3898 turns).

xerla the Chopper (Minotaur Fighter)                Turns: 3898, Time: 00:35:01

Health: -1/60      AC: 10    Str: 23    XL:     7   Next: 23%
Magic:  6/6        EV:  8    Int:  5    God:    Trog [......]
Gold:   119        SH: 10    Dex:  9    Spells: 6/6 levels left

rFire    . . .     SeeInvis .   a - +1 war axe
rCold    + . .     Gourm    .   c - +0 shield
rNeg     + . .     Faith    .   x - +2 scale mail {rN+}
rPois    .         Spirit   .   (helmet restricted)
rElec    .         Reflect  .   (no cloak)
rCorr    .         Harm     .   (no gloves)
MR       +....                  j - +0 pair of boots
Stlth    ..........             (no amulet)
HPRegen  0.20/turn              C - ring of protection from cold (curse)
MPRegen  0.10/turn              u - ring of protection from magic

@: no status effects
A: retaliatory headbutt, horns 2
a: Renounce Religion


You were on level 5 of the Dungeon.
You worshipped Trog.
Trog was noncommittal.
You were not hungry.

You visited 2 branches of the dungeon, and saw 6 of its levels.

You collected 231 gold pieces.
You spent 112 gold pieces at shops.

Inventory:

Hand Weapons
 a - a +1 war axe (weapon)
Missiles
 i - 131 stones (quivered)
 l - 2 tomahawks
 n - 22 sling bullets
 q - 11 bolts
 r - 45 arrows
Armour
 c - a +0 shield (worn)
 j - a +0 pair of boots (worn)
 m - a +0 chain mail
 t - a +0 robe of resistance
 x - a +2 scale mail of positive energy (worn)
Jewellery
 p - an uncursed ring of poison resistance
 u - a ring of protection from magic (right hand)
 B - an uncursed ring of positive energy
 C - a cursed ring of protection from cold (left hand)
 D - an uncursed ring of wizardry
Wands
 w - a wand of enslavement (4)
 A - a wand of scattershot (6)
 E - a wand of iceblast (4)
Scrolls
 b - a scroll of remove curse
 e - a scroll of enchant weapon
 g - 3 scrolls of teleportation
 h - a scroll of enchant armour
 o - 3 scrolls of blinking
 y - 3 scrolls of identify
 z - a scroll of immolation
Potions
 d - a potion of might
 k - 2 potions of haste
 s - a potion of brilliance {unknown}
 v - a potion of resistance
Comestibles
 f - 3 rations


   Skills:
 + Level 4.9 Fighting
 + Level 6.3 Axes
 + Level 5.7 Armour
 + Level 1.3 Dodging
 + Level 1.0 Stealth
 + Level 5.2 Shields


You had 6 spell levels left.
You didn't know any spells.
Your spell library contained the following spells:

 Spells                   Type           Power        Failure   Level  Hunger
 Animate Skeleton         Necr           N/A          99%         1    ##.....
 Apportation              Tloc           #.....       99%         1    ##.....
 Confusing Touch          Hex            #.....       99%         1    ##.....
 Summon Small Mammal      Summ           #...         99%         1    ##.....


Dungeon Overview and Level Annotations

Branches:
Dungeon (5/15)             Temple (1/1) D:4

Altars:
Cheibriados
Elyvilon
Fedhas
Gozag
Hepliaklqana
Makhleb
Okawaru
Qazlal
Sif Muna
Trog
Uskayaw
Vehumet
Xom
Zin
The Shining One

Shops:
D:4 ?   D:5 :


Innate Abilities, Weirdness & Mutations

You reflexively headbutt those who attack you in melee.
You have a pair of horns on your head.


Message History

You miss the phantom.
The phantom is almost destroyed.
The phantom hits you but does no damage.
You hit the phantom.
You destroy the phantom!
Trog accepts your kill.
Things that are here:
a +0 giant club; an ogre corpse You see here an adder corpse.
Found Limuxedo's Book Boutique.
A centaur comes into view.
The centaur wields a +0 shortbow.
The centaur shoots an arrow.
The arrow hits you!
* * * LOW HITPOINT WARNING * * *
You see here an arrow.
The centaur shoots an arrow.
You block the arrow.
You see here an arrow.
You see here an adder corpse.
The centaur shoots an arrow.
The arrow hits you!
You die...

..##.. ...... ......
...... ##..... ......
####...... ......
#######........ ......
.............###
......
#....#...#####..##.#..
#....##...............
#....@†((.....∩.......
######../=............
#............#####
#..#.....c.........
...##..........###.#
.... #......... #.
..### ########≈. # .#
.≈


You could see a centaur.

Vanquished Creatures
  Grinder (D:4)
  A phantom (D:5)
  An ogre (D:5)
  2 orc wizards (D:5)
  An orc priest (D:5)
  Ijyb (D:4)
  A worker ant zombie (D:5)
  6 adders
  An ooze (D:4)
  2 worms
  A dart slug (D:1)
  4 leopard geckos
  5 orcs
  5 giant cockroaches
  6 goblins
  8 hobgoblins
  3 jackals (D:2)
  A kobold (D:3)
  4 quokkas
  2 ball pythons
  3 bats
  3 frilled lizards
  4 rats
66 creatures vanquished.

Notes
Turn   | Place    | Note
-------+----------+-------------------------------------------
     0 | D:1      | xerla the Minotaur Fighter began the quest for the Orb.
     0 | D:1      | Reached XP level 1. HP: 19/19 MP: 0/0
   195 | D:1      | Reached XP level 2. HP: 27/27 MP: 1/1
  1064 | D:2      | Found a faded altar of an unknown god.
  1075 | D:2      | Reached XP level 3. HP: 33/33 MP: 2/2
  1195 | D:2      | Became a worshipper of Uskayaw the Reveler
  1195 | D:2      | Reached * piety under Uskayaw
  1678 | D:2      | Reached skill level 3 in Axes
  1785 | D:3      | Reached ** piety under Uskayaw
  2129 | D:3      | Reached XP level 4. HP: 33/40 MP: 3/3
  2579 | D:4      | Found a shimmering altar of Xom.
  2650 | D:4      | Noticed Grinder
  2667 | D:4      | Killed Grinder
  2667 | D:4      | Reached skill level 4 in Axes
  2667 | D:4      | Reached skill level 5 in Armour
  2667 | D:4      | Reached XP level 5. HP: 44/47 MP: 1/4
  2667 | D:4      | Reached XP level 6. HP: 50/53 MP: 1/5
  2719 | D:4      | Noticed Ijyb
  2732 | D:4      | Killed Ijyb
  2732 | D:4      | Reached skill level 5 in Axes
  2848 | D:4      | Found a staircase to the Ecumenical Temple.
  2872 | D:4      | Reached skill level 1 in Dodging
  2938 | D:4      | Found Qaups's Magic Scroll Shoppe.
  2977 | D:4      | Bought 3 scrolls of identify for 84 gold pieces
  3258 | D:4      | Bought a scroll of identify for 28 gold pieces
  3284 | Temple   | Entered the Ecumenical Temple
  3297 | Temple   | Fell from the grace of Uskayaw
  3297 | Temple   | Became a worshipper of Trog the Wrathful
  3649 | D:5      | Entered Level 5 of the Dungeon
  3673 | D:5      | Reached skill level 5 in Shields
  3867 | D:5      | Reached skill level 6 in Axes
  3867 | D:5      | Reached skill level 1 in Stealth
  3867 | D:5      | Reached XP level 7. HP: 13/60 MP: 6/6
  3894 | D:5      | Found Limuxedo's Book Boutique.
  3898 | D:5      | Shot with an arrow by a centaur

Skill      XL: |  1  2  3  4  5  6 |
---------------+-------------------+-----
Fighting       | 4 |  4.9
Armour         | 4 5 |  5.7
Axes           | 3 4 6 |  6.3
Shields        | 4 5 |  5.2
Dodging        | 1 |  1.3
Stealth        | 1 |  1.0

Action                   |  1- 3 |  4- 6 |  7- 9 || total
-------------------------+-------+-------+-------++-------
Melee: War axe           |    75 |    90 |    10 ||   175
       Headbutt          |    11 |    10 |     1 ||    22
Invok: Stomp             |       |     1 |       ||     1
  Use: Scroll            |     6 |     6 |       ||    12
  Eat: Ration            |     1 |     2 |       ||     3
Armor: Scale mail        |    28 |    30 |     4 ||    62
       Chain mail        |    14 |    12 |       ||    26
Dodge: Dodged            |    24 |    28 |     4 ||    56
Block: Shield            |    47 |    33 |     5 ||    85
